Map: Opérations galactiques EC

Players

zidar

  • Race: Zerg Zerg
  • League: Platinum
  • Spawn Location: 1:00

July - Winner!

  • Race: Terran Terran
  • League: Platinum
  • Spawn Location: 7:00

VOD

Have the link to the VOD?

Description

Time

  • Played on: Nov. 3, 2016, 12:53 p.m.
  • Length: 4:22
Show
View Real Time Build Order
Export as new Build Order

zidar Zerg 

Build Orders: Hatch First 

Get SALT Encoding   

  12  0:01  Drone  
  13  0:12  Overlord  
  13  0:17  Drone  
  14  0:31  Drone x2  
  16  0:52  Hatchery  
  16  0:55  Drone  
  16  0:59  Extractor  
  16  1:02  Drone  
  16  1:20  Spawning Pool  
  16  1:24  Drone  
  16  1:34  Drone x2  
  18  1:48  Drone  
  19  2:06  Queen  
  19  2:08  Queen  
  21  2:10  Metabolic Boost  
  21  2:15  Zergling x2  
  24  2:18  Zergling x2  
  24  2:21  Zergling x2  
  26  2:28  Drone  
  27  2:32  Overlord  
  27  2:42  Baneling Nest  
  27  2:43  Drone  
  27  2:48  Drone  
  28  2:56  Pneumatized Carapace  
  28  3:05  Spine Crawler  
  28  3:09  Spine Crawler  
  28  3:11  Zergling x2  
  27  3:15  Overlord  
  25  3:46  Baneling x2  
  24  3:48  Zergling x2  
  24  3:49  Zergling x16  
Show
View Real Time Build Order
Export as new Build Order

July Terran - Winner!

Build Orders:  

Get SALT Encoding   

  12  0:01  SCV  
  13  0:13  SCV  
  14  0:23  Supply Depot  
  14  0:25  SCV  
  15  0:44  SCV  
  15  0:47  Barracks  
  16  0:51  Barracks  
  16  1:04  Barracks  
  16  1:15  Barracks  
  16  1:25  Supply Depot  
  16  1:34  Marine  
  16  1:38  Marine  
  18  1:50  Marine  
  18  1:52  Marine  
  20  1:56  Marine  
  21  2:05  Marine  
  21  2:08  Marine  
  22  2:10  Marine  
  22  2:14  Marine  
  22  2:15  Supply Depot  
  25  2:19  Supply Depot  
  25  2:23  Marine  
  25  2:26  Marine  
  27  2:30  Marine  
  27  2:32  Marine  
  29  2:41  Marine  
  29  2:44  Marine  
  31  2:48  Marine  
  31  2:49  Marine  
  33  2:58  Marine  
  33  3:01  Marine  
  35  3:06  Marine, Supply Depot  
  35  3:07  Marine  
  37  3:16  Marine  
  37  3:19  Marine  
  39  3:23  Marine  
  39  3:25  Marine  
  41  3:34  Marine  
  41  3:37  Marine  
  42  3:41  Marine  
  41  3:49  Marine  
  41  3:52  Marine  
  41  3:55  Marine  
  44  3:59  Marine  
Tags
 
Add a new tag
Caveats
  • Supply blocks, unpowered buildings, or Contaminate may cause inaccurate times.
  • Supply counts are checked every 10 seconds.